 Dungeon Crawl Stone Soup version 0.30-a0-161-gdd60e06945 (webtiles) character file.

Game seed: 16727665283629054585

528 qw the Chopper (level 7, 0/43 HPs)
             Began as a Gargoyle Fighter on Sept 27, 2022.
             Slain by a gnoll bouda
             ... wielding a +0 club
              (7 damage)
             ... on level 4 of the Dungeon.
             The game lasted 00:01:35 (3304 turns).

qw the Chopper (Gargoyle Fighter)                   Turns: 3304, Time: 00:01:36

Health: 0/43       AC: 17    Str: 21    XL:     7   Next: 23%
Magic:  7/7        EV:  7    Int:  9    God:
Gold:   156        SH:  4    Dex:  9    Spells: 6/6 levels left

rFire   . . .      SeeInvis .    Y - +0 war axe
rCold   . . .      Faith    .    c - +0 buckler
rNeg    + . .      Spirit   .    a - +0 chain mail
rPois   inf        Reflect  .    h - +2 helmet
rElec   +          Harm     .    (no cloak)
rCorr   .          Rampage  .    (no gloves)
Will    +....                    (no boots)
Stlth   ..........               (no amulet)
HPRegen 0.14/turn                g - ring of willpower
MPRegen 0.10/turn                (no ring)

@: about to teleport
A: sickness immunity, AC +4, negative energy resistance 1, electricity
resistance, torment resistance 1, petrification resistance
a: no special abilities


You were on level 4 of the Dungeon.
You visited 1 branch of the dungeon, and saw 4 of its levels.

You collected 156 gold pieces.


Innate Abilities, Weirdness & Mutations

You are immune to sickness and miasma.
Your stone body is resilient. (AC +4)
You are immune to poison.
You resist negative energy. (rN+)
You are resistant to electric shocks. (rElec)
You are resistant to unholy torment.
You are immune to petrification.


   Skills:
 - Level 4.0 Fighting
 + Level 6.4 Axes
 - Level 3.2 Armour
 - Level 1.5 Dodging
 - Level 3.2 Shields


You had 6 spell levels left.
You didn't know any spells.
Your spell library was empty.

Inventory:

Hand Weapons
 b - a +0 whip
 Y - a +0 war axe (weapon)
Armour
 a - a +0 chain mail (worn)
 c - a +0 buckler (worn)
 h - a +2 helmet (worn)
 s - a +1 chain mail of cold resistance
Jewellery
 g - a ring of willpower (left hand)
Scrolls
 e - a scroll of fear {unknown}
 m - 2 scrolls of identify
 n - a scroll of enchant armour {unknown}
 p - a scroll of teleportation
 r - a scroll of poison {unknown}
Potions
 d - 3 potions of might
 f - a potion of mutation
 i - 2 potions of heal wounds {unknown}
 j - 3 potions of curing
 k - a potion of ambrosia {unknown}
 l - a potion of haste {unknown}
 o - a potion of cancellation {unknown}
 q - a potion of attraction {unknown}

Dungeon Overview and Level Annotations

Branches:
Dungeon (4/15)
 Temple: D:4-7

Altars:
Ashenzari
Elyvilon
Trog
Uskayaw

Shops:
D:1 [(!


Message History

You hit the gnoll bouda but do no damage.
You hit the gnoll. The gnoll hits you with a +0 flail.
The gnoll bouda gazes fiercely through you!
You feel as though you will be weak longer.
The gnoll bouda barely misses you.
The gnoll hits you from afar with a +0 halberd.
The iguana bites you but does no damage.
You closely miss the iguana.
The iguana is severely wounded.
You barely miss the gnoll bouda. You slash the gnoll!
You kill the gnoll!
The gnoll bouda barely misses you.
The gnoll hits you from afar with a +0 halberd.
The iguana bites you.
You closely miss the iguana.
The iguana is severely wounded.
You barely miss the gnoll bouda. You block the gnoll bouda's attack.
The iguana barely misses you.
The gnoll hits you from afar with a +0 halberd.
The gnoll hits you but does no damage.
The iguana bites you but does no damage.
The gnoll bouda hits you but does no damage.
You closely miss the iguana.
The iguana is severely wounded.
You hit the gnoll bouda but do no damage.
The gnoll hits you but does no damage. The iguana bites you.
You block the gnoll bouda's attack.
You hit the iguana but do no damage.
The iguana is severely wounded.
You hit the gnoll bouda.
Your attacks no longer feel as feeble.
The gnoll bouda hits you with a +0 club!
You block the gnoll's attack. The iguana bites you.
3304 ||| READING 2 scrolls of teleportation.
As you read the scroll of teleportation, it crumbles to dust.
You feel strangely unstable. The gnoll closely misses you.
The gnoll bouda hits you with a +0 club!
You die...

#..########......#
#...'............#
#...#............#
#...#............#
#..##..#######%.######
#..##..# ##'###..##
#..+...# #...#...#.
#..#...# #...#...'.
..#..##@g# #...)...#.
.g'..##l)##...##'###..#.
#gg'g.......##..##..#.
#..##..##...##..###+##
## #..# ..##..##..##
..... .######....
######l # ..##.... ..
........ . ......##


You could see a gnoll bouda, an iguana and a gnoll (swift).

Vanquished Creatures
  Pargi (D:3)
  An ogre (D:3)
  A scorpion (D:4)
  2 hounds
  Terence (D:1)
  Natasha (thrice) (D:2)
  Robin (D:2)
  An adder (D:4)
  A gnoll (D:4)
  A worm (D:3)
  2 dart slugs (D:1)
  7 bats
  4 endoplasms
  2 giant cockroaches (D:1)
  17 goblins
  15 hobgoblins
  5 jackals
  9 kobolds
  5 quokkas
  10 ball pythons
  6 frilled lizards
  6 rats
101 creatures vanquished.

Notes
Turn   | Place    | Note
-------+----------+-------------------------------------------
     0 | D:1      | qw the Gargoyle Fighter began the quest for the Orb.
     0 | D:1      | Reached XP level 1. HP: 14/14 MP: 1/1
     0 | D:1      | 0 ||| qw: Version: 0.2-a-10-g37ed214
     0 | D:1      | 0 ||| qw: Game counter: 699
     0 | D:1      | 0 ||| qw: Always use a shield: true
     0 | D:1      | 0 ||| qw: God list: Okawaru
     0 | D:1      | 0 ||| qw: Allow faded altars: false
     0 | D:1      | 0 ||| qw: Do Orc after D:15 true
     0 | D:1      | 0 ||| qw: Do second Lair branch before Depths: true
     0 | D:1      | 0 ||| qw: Lair rune preference: random
     0 | D:1      | 0 ||| qw: Plans: Normal, Zot:1-4, God:TSO, Crypt, Tomb,
                  | Pan, Slime:5, Hells, Abyss, Orb
     0 | D:1      | 0 ||| PLANNING D:1-11
    14 | D:1      | Reached skill level 2 in Axes
    61 | D:1      | Reached XP level 2. HP: 19/19 MP: 2/2
    62 | D:1      | Found a faded altar of an unknown god.
   151 | D:1      | Found Xetap's Weapon Emporium.
   183 | D:1      | Found Moaxor Doan's Distillery.
   190 | D:1      | 190 ||| SHOPLISTING potion of attraction (36 gold, have
                  | 31).
   190 | D:1      | 190 ||| SHOPLISTING potion of curing (36 gold, have 31).
   190 | D:1      | 190 ||| SHOPLISTING potion of mutation (96 gold, have 31).
   236 | D:1      | Found Mywoss's Antique Armour Emporium.
   256 | D:1      | 256 ||| SHOPLISTING chain mail (67 gold, have 31).
   256 | D:1      | 256 ||| SHOPLISTING pair of boots (67 gold, have 31).
   256 | D:1      | 256 ||| SHOPLISTING pair of gloves (67 gold, have 31).
   256 | D:1      | 256 ||| SHOPLISTING plate armour (345 gold, have 31).
   367 | D:1      | 367 ||| Stepping ~*~*~tactically~*~*~ (hiding).
   371 | D:1      | Reached skill level 3 in Axes
   489 | D:1      | 489 ||| Stepping ~*~*~tactically~*~*~ (stealth).
   550 | D:1      | 550 ||| Stepping ~*~*~tactically~*~*~ (hiding).
   556 | D:1      | Reached XP level 3. HP: 23/23 MP: 3/3
   833 | D:1      | 833 ||| UPGRADING to ring of willpower.
   834 | D:1      | 834 ||| READING scroll labelled JAOBIM VONKA.
   835 | D:1      | 835 ||| READING scroll labelled ACVEJOHU PODY.
   890 | D:2      | Noticed Natasha
   898 | D:2      | Killed Natasha
   942 | D:2      | 942 ||| Stepping ~*~*~tactically~*~*~ (stealth).
   947 | D:2      | 947 ||| Stepping ~*~*~tactically~*~*~ (stealth).
   979 | D:2      | Reached XP level 4. HP: 28/28 MP: 4/4
  1010 | D:2      | 1010 ||| FLEEEEING.
  1011 | D:2      | 1011 ||| FLEEEEING.
  1012 | D:2      | 1012 ||| FLEEEEING.
  1013 | D:2      | 1013 ||| FLEEEEING.
  1014 | D:2      | 1014 ||| FLEEEEING.
  1015 | D:2      | 1015 ||| FLEEEEING.
  1016 | D:2      | 1016 ||| FLEEEEING.
  1019 | D:2      | 1019 ||| STAIRDANCE
  1048 | D:1      | 1048 ||| UPGRADING to +0 chain mail.
  1058 | D:1      | 1058 ||| DROPPING +0 scale mail.
  1062 | D:2      | 1062 ||| STAIRDANCE
  1099 | D:2      | Noticed Natasha
  1100 | D:2      | 1100 ||| Stepping ~*~*~tactically~*~*~ (hiding).
  1101 | D:2      | 1101 ||| Stepping ~*~*~tactically~*~*~ (hiding).
  1108 | D:2      | Killed Natasha
  1109 | D:2      | Reached skill level 4 in Axes
  1109 | D:2      | 1109 ||| FLEEEEING.
  1110 | D:2      | 1110 ||| FLEEEEING.
  1111 | D:2      | 1111 ||| FLEEEEING.
  1112 | D:2      | 1112 ||| FLEEEEING.
  1113 | D:2      | 1113 ||| FLEEEEING.
  1114 | D:2      | 1114 ||| FLEEEEING.
  1116 | D:2      | 1116 ||| FLEEEEING.
  1117 | D:2      | 1117 ||| STAIRDANCE
  1168 | D:2      | 1168 ||| STAIRDANCE
  1219 | D:1      | 1219 ||| DROPPING +0 club.
  1220 | D:1      | 1220 ||| READING scroll labelled JONILOQ BIUX.
  1235 | D:2      | Noticed Natasha
  1241 | D:2      | Killed Natasha
  1407 | D:2      | Reached XP level 5. HP: 32/32 MP: 5/5
  1441 | D:2      | 1441 ||| FLEEEEING.
  1442 | D:2      | 1442 ||| STAIRDANCE
  1510 | D:1      | 1510 ||| READING scroll labelled SUOXEF XICAT.
  1511 | D:1      | 1511 ||| DRINKING 2 ruby potions.
  1514 | D:2      | 1514 ||| STAIRDANCE
  1553 | D:2      | Noticed Robin
  1554 | D:2      | 1554 ||| STAIRDANCE
  1567 | D:2      | 1567 ||| STAIRDANCE
  1572 | D:2      | 1572 ||| STAIRDANCE
  1576 | D:2      | Noticed Terence
  1577 | D:2      | 1577 ||| STAIRDANCE
  1583 | D:2      | 1583 ||| STAIRDANCE
  1591 | D:1      | Killed Terence
  1663 | D:2      | Killed Robin
  1664 | D:2      | Reached skill level 5 in Axes
  1674 | D:2      | 1674 ||| FLEEEEING.
  1675 | D:2      | 1675 ||| STAIRDANCE
  1932 | D:2      | 1932 ||| UPGRADING to +2 helmet.
  2049 | D:3      | Found a white marble altar of Elyvilon.
  2108 | D:3      | Noticed a +0 falchion
  2108 | D:3      | Noticed a +0 dagger
  2108 | D:3      | Noticed a +0 falchion
  2109 | D:3      | Noticed a +0 spear
  2109 | D:3      | Noticed a +0 short sword
  2109 | D:3      | Noticed a +0 spear
  2109 | D:3      | Noticed a +0 short sword
  2110 | D:3      | Noticed a +0 dagger
  2112 | D:3      | Found a hide-covered altar of Uskayaw.
  2145 | D:3      | 2145 ||| Stepping ~*~*~tactically~*~*~ (stealth).
  2146 | D:3      | 2146 ||| Stepping ~*~*~tactically~*~*~ (stealth).
  2170 | D:3      | Found a broken altar of Ashenzari.
  2214 | D:3      | Noticed Pargi
  2229 | D:3      | Killed Pargi
  2230 | D:3      | Reached XP level 6. HP: 32/38 MP: 6/6
  2392 | D:3      | Found a bloodstained altar of Trog.
  2448 | D:3      | 2448 ||| Stepping ~*~*~tactically~*~*~ (stealth).
  2449 | D:3      | 2449 ||| Stepping ~*~*~tactically~*~*~ (stealth).
  2508 | D:3      | Reached skill level 6 in Axes
  2994 | D:3      | 2994 ||| READING scroll labelled UREG ELENAGEUD.
  2995 | D:3      | 2995 ||| READING 3 scrolls of identify.
  2995 | D:3      | 2995 ||| IDENTIFYING pink potion
  2996 | D:3      | 2996 ||| READING 2 scrolls of identify.
  2996 | D:3      | 2996 ||| IDENTIFYING lumpy yellow potion
  2997 | D:3      | 2997 ||| DROPPING potion of degeneration.
  3073 | D:4      | 3073 ||| Stepping ~*~*~tactically~*~*~ (stealth).
  3111 | D:4      | Reached skill level 1 in Dodging
  3111 | D:4      | Reached XP level 7. HP: 42/43 MP: 7/7
  3242 | D:4      | Identified the +5 rapier "Ycro" {elec, *Rage rC+ Str+2
                  | SInv}
  3287 | D:4      | 3287 ||| Stepping ~*~*~tactically~*~*~ (stealth).
  3291 | D:4      | 3291 ||| Stepping ~*~*~tactically~*~*~ (hiding).
  3294 | D:4      | 3294 ||| Stepping ~*~*~tactically~*~*~ (hiding).
  3303 | D:4      | HP: 9/43 [gnoll bouda/+0 club (8)]
  3304 | D:4      | 3304 ||| READING 2 scrolls of teleportation.
  3304 | D:4      | Slain by a gnoll bouda

Levels and vault maps discovered:
D:1:      dpeg_arrival_stonehenge_12_columns, layout_loops_ring, serial_shops,
          nicolae_shop_waterfront, nicolae_square_shop, nicolae_diamond_shop,
          hellmonk_ecumenical_altar_lost_god
D:2:      layout_rooms, uniq_terence, uniq_natasha, uniq_robin
D:3:      layout_basic, elyvilon_altar_1, mainiacjoe_overflow_cross_hatched,
          nicolae_uskayaw_en_pointe, trog_hazing_becter, minmay_misc_feat_alley,
          uniq_pargi
D:4:      layout_gridville

Skill      XL: |  1  2  3  4  5  6 |
---------------+-------------------+-----
Axes           | 2 3 4 5 6 |  6.4
Fighting       | 4 |  4.0
Dodging        | 1 |  1.5
Armour         | |  3.2
Shields        | |  3.2

Action                   |  1- 3 |  4- 6 |  7- 9 || total
-------------------------+-------+-------+-------++-------
Melee: War axe           |    64 |   212 |    36 ||   312
  Use: Scroll            |     2 |     5 |     1 ||     8
       Potion            |       |     1 |       ||     1
Armor: Scale mail        |    34 |     2 |       ||    36
       Chain mail        |       |   146 |    22 ||   168
Dodge: Dodged            |    35 |    77 |    18 ||   130
Block: Buckler           |     9 |    45 |    10 ||    64

Table legend:
 A = Non-vault XP
 B = Vault XP
 C = Vault XP percentage of total XP
 D = Non-vault monster count
 E = Vault monster count
 F = Vault count percentage of total count
                 A         B        C        D         E       F
            +---------+---------+-------+---------+---------+-------
      Total |     509 |     246 |  32.6 |      83 |      18 |  17.8
            +---------+---------+-------+---------+---------+-------
        D:1 |      42 |      48 |  53.3 |      23 |       6 |  20.7
        D:2 |      99 |      55 |  35.7 |      22 |       5 |  18.5
        D:3 |     199 |     143 |  41.8 |      24 |       7 |  22.6
        D:4 |     169 |       0 |   0.0 |      14 |       0 |   0.0
            +---------+---------+-------+---------+---------+-------
